 Dungeon Crawl Stone Soup version 0.32-a0-765-gfba4d74c8c (webtiles) character file.

Game seed: 6770040422099301113

525 Nattfarinn the Ducker (level 7, -2/36 HPs)
             Began as a Deep Elf Earth Elementalist on Mar 18, 2024.
             Slain by a gnoll
             ... wielding a +0 spear
              (4 damage)
             ... on level 5 of the Dungeon.
             The game lasted 00:03:45 (3365 turns).

Nattfarinn the Ducker (Deep Elf Earth Elementalist) Turns: 3365, Time: 00:03:45

Health: -2/36      AC:  4    Str:  5    XL:     7   Next: 2%
Magic:  14/18      EV: 14    Int: 22    God:
Gold:   311        SH:  0    Dex: 15    Spells: 17/18 levels left

rFire   . . .        g - +1 dagger (venom)
rCold   . . .        (no shield)
rNeg    + . .        v - +1 robe "Lonem" {rElec rN+}
rPois   .            t - +0 helmet
rElec   +            (no cloak)
rCorr   .            (no gloves)
SInv    +            (no boots)
Will    .....        (no amulet)
Stlth   ++           u - ring of see invisible
HPRegen 0.26/turn    (no ring)
MPRegen 0.16/turn

%: no passive effects
@: no status effects
A: no striking features
a: no special abilities


You were on level 5 of the Dungeon.
You visited 1 branch of the dungeon, and saw 5 of its levels.

You collected 311 gold pieces.

Inventory:

Hand Weapons
 f - a +0 whip of venom
 g - a +1 dagger of venom (weapon)
Armour
 a - a +0 robe
 c - an orb of guile
 t - a +0 helmet (worn)
 v - the +1 robe "Lonem" (worn) {rElec rN+}
   (You found it on level 4 of the Dungeon)

   rElec:     It insulates you from electricity.
   rN+:       It protects you from negative energy.
Jewellery
 e - a ring of positive energy
 u - a ring of see invisible (left hand)
Wands
 q - a wand of polymorph (8)
Scrolls
 d - 2 scrolls of identify
 h - a scroll of summoning
 l - a scroll of blinking {unknown}
 n - a scroll of revelation
 o - 2 scrolls of fog {unknown}
 p - 2 scrolls of fear {unknown}
 r - 2 scrolls of teleportation {unknown}
 s - a scroll of brand weapon {unknown}
Potions
 b - a potion of magic
 i - 3 potions of mutation {unknown}
 j - a potion of haste {unknown}
 k - 2 potions of lignification {unknown}
 m - a potion of degeneration {unknown}
 w - 2 potions of curing {unknown}


   Skills:
 * Level 7.6 Dodging
 - Level 2.4 Stealth
 + Level 6.3 Spellcasting
 - Level 1.1 Conjurations
 - Level 3.2 Earth Magic


You had 17 spell levels left.
You knew the following spells:

 Your Spells              Type           Power      Damage    Failure   Level
a - Sandblast             Erth           42%        2d11      2%          1

Your spell library contained the following spells:

 Spells                   Type           Power      Damage    Failure   Level
 Passwall                 Erth           21%        N/A       7%          3
 Stone Arrow              Conj/Erth      32%        3d9       11%         3
 Brom's Barrelling Bould  Conj/Erth      16%        2d4       34%         4
 Petrify                  Alch/Erth      14%        N/A       41%         4


Dungeon Overview and Level Annotations

Branches:
Dungeon (5/15)             Temple (0/1) D:4

Altars:
Ru

Annotations:
D:5 Eustachio


Message History

Eustachio gestures wildly while chanting.
A gnoll comes into view.
It is wielding a +0 spear and quivering a throwing net.
The blast of sand hits Eustachio but does no damage.
Eustachio is moderately wounded.
The blast of sand hits Eustachio!
Eustachio is heavily wounded.
Eustachio hits you with a +0 falchion. The gnoll misses you.
The iguana hisses menacingly.
Eustachio closely misses you.
The gnoll hits you from afar with a +0 spear!
The blast of sand hits Eustachio!
Eustachio is severely wounded.
Eustachio misses you.
The gnoll hits you from afar with a +0 spear!
You are too injured to fight recklessly!
Unknown command.
You are too injured to fight recklessly!
Casting: Sandblast (safe; 2% risk of failure)
Confirm with . or Enter, or press ? or * to list all spells.
Aiming: Sandblast (safe; 2% risk of failure)
Press: ? - help, Shift-Dir - straight line, f/p - Eustachio
Aim: Eustachio, wielding a +0 falchion and wearing a +0 leather armour (severely wounded, 76% to hit)
The blast of sand hits Eustachio.
Eustachio is severely wounded.
Eustachio hits you with a +0 falchion!
* * * LOW HITPOINT WARNING * * *
A gnoll comes into view. It is wielding a +0 flail.
The gnoll hits you but does no damage.
The gnoll hits you from afar with a +0 spear!
* * * LOW HITPOINT WARNING * * *
Eustachio closely misses you.
The gnoll moves out of view.
As you read the scroll labelled QEAJUE FEILL, it crumbles to dust.
It is a scroll of identify.
h - a scroll of summoning The gnoll barely misses you.
Eustachio closely misses you.
As you read the scroll labelled MAFFYTTUCWY, it crumbles to dust.
You feel aware of your surroundings.
You sensed 7 altars.
It was a scroll of revelation.
The gnoll hits you from afar with a +0 spear.
You die...

,,,,,...,.....#,,,,,,**,,,,,,,,,,
,,,,,,#..#....#......##.,,,,,,,,,
,,,**##..#.##.#......###***,,***,
,,,* #.....<..#......###**,,,,,,,
,,,*##+###....###.####..,,,,*****
,,,*#...........#..###.#,,,,,,,,,
,,,*#...........##l.##.#,,,,*****
,,,*#...........###g##.#,,,**** *
,,,*#...........@@gb.#..,,,,,,* *
,,,*#...........###gg..#,,**,****
,,,*#...........###....#,,**,**,,
,,,.............####>.##,,,*,**,,
,,..............####.###,,,,,**,,
**#...###########.......,,,,,,,,,
#...* ########.......,,,,**,,,
***,,,* ########.......,**,,,,,,
,,,,,,* *,*+,,,,,******,,


You could see Eustachio, an iguana, 4 gnolls and a bat (summoned).

Vanquished Creatures
  An ogre (D:4)
  A bullfrog (D:5)
  2 hounds (D:4)
  A jelly (D:5)
  A sleepcap (D:5)
  Natasha (twice) (D:4)
  3 orc wizards (D:4)
  Ijyb (D:3)
  3 adders
  A gnoll (D:1)
  3 dart slugs
  3 ribbon worms
  2 orcs (D:4)
  7 ball pythons
  5 endoplasms
  A giant cockroach (D:1)
  2 hobgoblins (D:4)
  6 jackals
  5 kobolds
  3 quokkas
  5 bats
  A frilled lizard (D:1)
  5 goblins
  6 rats
70 creatures vanquished.

Notes
Turn   | Place    | Note
-------+----------+-------------------------------------------
     0 | D:1      | Nattfarinn the Deep Elf Earth Elementalist began the quest
                  | for the Orb.
     0 | D:1      | Reached XP level 1. HP: 10/10 MP: 6/6
   109 | D:1      | Reached skill level 3 in Dodging
   109 | D:1      | Reached XP level 2. HP: 15/15 MP: 6/8
   455 | D:1      | Reached XP level 3. HP: 19/19 MP: 8/10
   527 | D:1      | Found a faded altar of an unknown god.
   674 | D:2      | Reached skill level 4 in Dodging
  1240 | D:3      | Noticed Ijyb
  1277 | D:3      | Killed Ijyb
  1278 | D:3      | Reached XP level 4. HP: 24/24 MP: 12/12
  1904 | D:4      | Identified the +1 robe "Lonem" {rElec rN+}
  1907 | D:4      | Found a staircase to the Ecumenical Temple.
  1989 | D:4      | Found a sacrificial altar of Ru.
  2012 | D:4      | Reached skill level 5 in Dodging
  2156 | D:4      | Reached XP level 5. HP: 26/28 MP: 10/14
  2211 | D:4      | Reached skill level 5 in Spellcasting
  2213 | D:4      | Reached skill level 6 in Dodging
  2451 | D:4      | Noticed Natasha
  2462 | D:4      | Killed Natasha
  2463 | D:4      | Reached XP level 6. HP: 14/32 MP: 7/16
  2566 | D:4      | Noticed Natasha
  2570 | D:4      | Killed Natasha
  2574 | D:4      | Reached skill level 7 in Dodging
  3188 | D:5      | Entered Level 5 of the Dungeon
  3242 | D:5      | Reached XP level 7. HP: 8/36 MP: 10/18
  3358 | D:5      | Noticed Eustachio
  3363 | D:5      | HP: 1/36 [gnoll/+0 spear (9)]
  3365 | D:5      | Slain by a gnoll

Illustrated notes

Levels and vault maps discovered:
D:1:      nzn_arrival_depleted_hourglass, layout_basic,
          ebering_ecumenical_altar_abandoned
D:2:      layout_basic
D:3:      layout_loops_cross, uniq_ijyb
D:4:      layout_basic, nicolae_ru_the_path_less_chosen,
          minmay_temple_entry_glassed_door, interstate_on_off, uniq_natasha
D:5:      layout_basic, nicolae_overflow_hallway_of_the_gods,
          overflow_temple_1_default, uniq_eustachio

Skill      XL: |  1  2  3  4  5  6 |
---------------+-------------------+-----
Dodging        | 3 4 5 6 7 |  7.6
Spellcasting   | 4 5 6 |  6.3
Stealth        | |  2.4
Conjurations   | |  1.1
Earth Magic    | |  3.2

Action                     |  1- 3 |  4- 6 |  7- 9 || total
---------------------------+-------+-------+-------++-------
  Melee: Whip              |    11 |       |       ||    11
         Dagger            |     9 |    10 |       ||    19
   Cast: Sandblast         |    35 |    79 |     5 ||   119
    Use: Scroll            |       |       |     2 ||     2
 Armour: Robe              |    10 |    40 |     7 ||    57
         Skin              |     8 |       |       ||     8
  Dodge: Dodged            |    11 |    44 |     6 ||    61

Table legend: (Time is in decaauts)
 A = Elapsed time spent in this place.
 B = Non-inter-level travel time spent in this place.
 C = Inter-level travel time spent in this place.
 D = Time resting spent in this place.
 E = Time spent auto-exploring this place.
 F = Levels seen in this place.
 G = Mean time per level.
                   A        B        C        D        E       F      G
               +--------+--------+--------+--------+--------+-----+--------+
         Total |   3422 |   3308 |    114 |    107 |   2756 |   5 |  684.4 |
       Dungeon |   3422 |   3308 |    114 |    107 |   2756 |   5 |  684.4 |
               +--------+--------+--------+--------+--------+-----+--------+

Top non-repeatable levels by time:
     D:4: 1309 daAuts
     D:3: 797 daAuts
     D:1: 645 daAuts
     D:2: 484 daAuts
     D:5: 185 daAuts
